 Dungeon Crawl Stone Soup version 0.23.2-33-g5129a83184 (webtiles) character file.

Game seed: 15291326360229446194

49 DildoBatman the Magician (level 4, -1/30 HPs)
             Began as a Formicid Wizard on July 3, 2019.
             Slain by a rat (3 damage)
             ... on level 2 of the Dungeon.
             The game lasted 00:03:38 (1306 turns).

DildoBatman the Magician (Formicid Wizard)          Turns: 1306, Time: 00:03:38

Health: -1/30      AC:  2    Str: 12    XL:     4   Next: 2%
Magic:  8/8        EV: 12    Int: 18    God:
Gold:   50         SH:  0    Dex:  9    Spells: 2/9 levels left

rFire    . . .     SeeInvis +   a - +1 dagger (speed)
rCold    . . .     Gourm    .   (no shield)
rNeg     . . .     Faith    .   n - +0 robe
rPois    .         Spirit   .   (helmet unavailable)
rElec    .         Reflect  .   (no cloak)
rCorr    .         Harm     .   (no gloves)
MR       .....                  (no boots)
Stlth    ++........             (no amulet)
HPRegen  0.10/turn              (no ring)
MPRegen  0.11/turn              (no ring)

@: no status effects
A: permanent stasis, dig shafts and tunnels, four strong arms, antennae 3
a: Dig, Shaft Self


You were on level 2 of the Dungeon.
You were not hungry.

You visited 1 branch of the dungeon, and saw 2 of its levels.

You collected 50 gold pieces.

Inventory:

Hand Weapons
 a - a +1 dagger of speed (weapon)
 b - a +0 hunting sling of freezing
Missiles
 j - 7 sling bullets
 l - 24 stones (quivered)
 o - 38 bolts
Armour
 n - a +0 robe (worn)
Scrolls
 e - a scroll of remove curse {unknown}
 f - 2 scrolls of immolation {unknown}
 g - a scroll of enchant armour {unknown}
 h - a scroll of fog {unknown}
 m - a scroll of enchant weapon {unknown}
 p - a scroll of noise {unknown}
Potions
 c - 2 potions of invisibility {unknown}
 d - a potion of agility {unknown}
 k - a potion of curing {unknown}
 q - a potion of heal wounds {unknown}
Comestibles
 i - 3 chunks of flesh
 v - 4 rations


   Skills:
 - Level 1.7 Dodging
 - Level 2.4 Stealth
 - Level 3.2 Spellcasting
 * Level 3.2 Conjurations
   Level 1.0 Summonings
   Level 0.8 Translocations


You had 2 spell levels left.
You knew the following spells:

 Your Spells              Type           Power        Failure   Level  Hunger
a - Conjure Flame         Conj/Fire      #.......     24%         3    ###....
c - Magic Dart            Conj           ##..         4%          1    None
e - Mephitic Cloud        Conj/Pois/Air  #.......     30%         3    ###....

Your spell library contained the following spells:

 Spells                   Type           Power        Failure   Level  Hunger
 Call Imp                 Summ           #.......     16%         2    ##.....
 Slow                     Hex            #.......     24%         2    ##.....
 Blink                    Tloc           Unusable     N/A         2    N/A

Dungeon Overview and Level Annotations

Branches:
Dungeon (2/15)

Altars:
Hepliaklqana
Trog
Uskayaw


Innate Abilities, Weirdness & Mutations

You cannot be hasted, slowed, berserked, paralysed or teleported.
You can dig through walls and to a lower floor.
Your four strong arms can wield two-handed weapons with a shield.
You have a pair of large antennae on your head. (SInv)


Message History

What are your orders? t - Shout!
Orders for allies: a - Attack new target. r - Retreat! s - Stop attacking. g - Guard the area. f - Follow me.
Anything else - Cancel.
You shout for attention!
The hobgoblin hits you with a cursed -3 club.
The rat bites you. The goblin hits you with a +0 dagger.
What are your orders? t - Shout!
Orders for allies: a - Attack new target. r - Retreat! s - Stop attacking. g - Guard the area. f - Follow me.
Anything else - Cancel.
You shout for attention!
The hobgoblin closely misses you. The rat bites you.
You die...

##.............###..#########.
##..#.#.###..## #.# #.
......... #..# ##.## #.
.....#.# .##..# ##...## ##.
<.... ... .##..###.#.#.## #..
..... #.##
##..#...#..#.#####.#
.##.##.................#
......r.......##.#####.#
#g@g.......## #.. #.........##
#.# #....(....# #.#
##.....(.## #.# ##.....## #.#
##...## #.# ##.## #.# #.# #.#
..# #.#


You could see a hobgoblin, a goblin and a rat.

Vanquished Creatures
  A gnoll (D:1)
  An adder (D:2)
  A dart slug (D:1)
  A ball python (D:2)
  A bat (D:2)
  A giant cockroach (D:2)
  6 goblins
  2 hobgoblins (D:1)
  A jackal (D:1)
  A frilled lizard (D:1)
  8 kobolds
  3 rats (D:1)
27 creatures vanquished.

Notes
Turn   | Place    | Note
-------+----------+-------------------------------------------
     0 | D:1      | DildoBatman the Formicid Wizard began the quest for the
                  | Orb.
     0 | D:1      | Reached XP level 1. HP: 13/13 MP: 4/4
    92 | D:1      | Reached skill level 1 in Conjurations
   247 | D:1      | Reached XP level 2. HP: 17/19 MP: 0/6
   586 | D:1      | Reached XP level 3. HP: 24/24 MP: 0/7
   591 | D:1      | Learned a level 3 spell: Conjure Flame
   595 | D:1      | Learned a level 3 spell: Mephitic Cloud
  1109 | D:2      | Found a bloodstained altar of Trog.
  1126 | D:2      | Found a hazy altar of Hepliaklqana.
  1140 | D:2      | Found a hide-covered altar of Uskayaw.
  1222 | D:2      | Reached XP level 4. HP: 22/30 MP: 3/8
  1306 | D:2      | Slain by a rat

Skill      XL: |  1  2  3 |
---------------+----------+-----
Conjurations   | 1 2 3 |  3.2
Dodging        | |  1.7
Stealth        | |  2.4
Spellcasting   | |  3.2
Summonings     | |  1.0
Translocations | |  0.8

Action                   |  1- 3 |  4- 6 || total
-------------------------+-------+-------++-------
Melee: Unarmed           |     2 |       ||     2
       Short sword       |     2 |       ||     2
       Dagger            |       |     1 ||     1
 Cast: Magic Dart        |    57 |     3 ||    60
 Abil: Dig               |     2 |     1 ||     3
 Stab: Sleeping          |     1 |       ||     1
  Eat: Chunk             |     1 |       ||     1
Armor: Robe              |     3 |     8 ||    11
Dodge: Dodged            |     4 |    16 ||    20
